 Dungeon Crawl Stone Soup version 0.21.1-1-g345015fe64 (webtiles) character file.

137 Mrkan the Cudgeler (level 5, -5/47 HPs)
             Began as a Minotaur Fighter on May 10, 2018.
             Slain by a slave (7 damage)
             ... led by Pikel
             ... on level 4 of the Dungeon.
             The game lasted 00:04:39 (3245 turns).

Mrkan the Cudgeler (Minotaur Fighter)               Turns: 3245, Time: 00:04:40

Health: -5/47      AC:  6    Str: 21    XL:     5   Next: 0%
Magic:  4/4        EV:  7    Int:  5    God:
Gold:   127        SH: 13    Dex: 10    Spells: 4/4 levels left

rFire    . . .     SeeInvis .   a - +1 flail
rCold    . . .     Gourm    .   c - +0 shield
rNeg     . . .     Faith    .   b - +0 scale mail
rPois    .         Spirit   .   (helmet restricted)
rElec    .         Reflect  +   (no cloak)
rCorr    .         Harm     .   (no gloves)
MR       .....                  (no boots)
Stlth    ..........             e - +4 amulet of reflection
HPRegen  0.15/turn              (no ring)
MPRegen  0.09/turn              (no ring)

@: no status effects
A: retaliatory headbutt, horns 2
a: no special abilities


You were on level 4 of the Dungeon.
You were not hungry.

You visited 1 branch of the dungeon, and saw 4 of its levels.

You collected 127 gold pieces.

Inventory:

Hand Weapons
 a - a +1 flail (weapon)
Armour
 b - a +0 scale mail (worn)
 c - a +0 shield (worn)
 s - a cursed +0 large shield
Jewellery
 e - a +4 amulet of reflection (around neck)
 q - an uncursed ring of wizardry {unknown}
Wands
 h - a wand of flame (34)
Scrolls
 g - a scroll of remove curse
 l - a scroll of amnesia
Potions
 d - 2 potions of might
 i - 4 potions of curing {unknown}
 k - a potion of degeneration {unknown}
 m - a potion of heal wounds {unknown}
 p - a potion of flight {unknown}
Comestibles
 f - 3 rations
 j - a chunk of flesh


   Skills:
 + Level 4.9 Fighting
 * Level 5.3 Maces & Flails
 - Level 3.6 Armour
 - Level 3.6 Shields


You had 4 spell levels left.
You didn't know any spells.

Dungeon Overview and Level Annotations

Branches:
Dungeon (4/15)
 Temple: D:4-7

Altars:
Gozag
Kikubaaqudgha

Shops:
D:2 *

Annotations:
D:4 Pikel


Innate Abilities, Weirdness & Mutations

You reflexively headbutt those who attack you in melee.
You have a pair of horns on your head.


Message History

* * * LOW HITPOINT WARNING * * *
Pikel freezes you.
* * * LOW HITPOINT WARNING * * *
You block the slave's attack. The slave barely misses you.
You hit Pikel but do no damage.
Pikel is almost dead.
The slave hits you.
* * * LOW HITPOINT WARNING * * *
Pikel closely misses you. You block the slave's attack. x3
You closely miss Pikel.
Pikel is almost dead.
Pikel hits you but does no damage. The slave hits you.
* * * LOW HITPOINT WARNING * * *
You block the slave's attack. x2; You block Pikel's attack.
You closely miss Pikel. Your headbutt misses Pikel.
Pikel is almost dead.
You block the slave's attack. x2; The slave barely misses you.
You furiously retaliate!
You headbutt the slave. You block Pikel's attack. The slave hits you!
You die...

.........# #....
.........# +....
####.....########+##....
#....................
#...........(........
+....................
#....................
#....p...............
####@##+###>.....####
......pKp....#......
.......p.....# .....
.............# .....
.............# ....
.............# ....
...#########+# ...


You could see Pikel and 4 slaves.

Vanquished Creatures
  A worker ant (D:4)
  5 adders
  An adder skeleton (D:4)
  A worm (D:3)
  A dart slug (D:1)
  3 leopard geckos
  An orc (D:3)
  A ball python (D:2)
  3 giant cockroaches (D:3)
  7 goblins
  6 hobgoblins
  4 jackals (D:3)
  2 kobolds (D:3)
  3 quokkas
  3 bats (D:3)
  4 frilled lizards
  7 rats
53 creatures vanquished.

Vanquished Creatures (others)
  A goblin (D:3)
1 creature vanquished.

Grand Total: 54 creatures vanquished

Notes
Turn   | Place    | Note
-------+----------+-------------------------------------------
     0 | D:1      | Mrkan the Minotaur Fighter began the quest for the Orb.
     0 | D:1      | Reached XP level 1. HP: 19/19 MP: 0/0
   394 | D:1      | Reached skill level 3 in Maces & Flails
   404 | D:1      | Reached XP level 2. HP: 27/27 MP: 1/1
   928 | D:2      | Found Gozag's Platinum Reserve.
   928 | D:2      | Found an opulent altar of Gozag.
  1013 | D:2      | Reached XP level 3. HP: 32/33 MP: 2/2
  1109 | D:2      | Reached skill level 4 in Maces & Flails
  1959 | D:3      | Reached XP level 4. HP: 7/41 MP: 3/3
  2728 | D:3      | Found an ancient bone altar of Kikubaaqudgha.
  2998 | D:4      | Reached skill level 5 in Maces & Flails
  3043 | D:4      | Reached XP level 5. HP: 25/47 MP: 4/4
  3229 | D:4      | Noticed Pikel
  3229 | D:4      | Noticed a slave
  3230 | D:4      | Noticed a slave
  3230 | D:4      | Noticed a slave
  3230 | D:4      | Noticed a slave
  3244 | D:4      | HP: 2/47 [slave[Pikel] (4)]
  3245 | D:4      | Slain by a slave

Skill      XL: |  1  2  3  4 |
---------------+-------------+-----
Maces & Flails | 3 4 5 |  5.3
Fighting       | 4 |  4.9
Armour         | |  3.6
Shields        | |  3.6

Action                   |  1- 3 |  4- 6 || total
-------------------------+-------+-------++-------
Melee: Flail             |    92 |    75 ||   167
       Headbutt          |    11 |    15 ||    26
  Use: Scroll            |       |     8 ||     8
  Eat: Chunk             |     1 |     3 ||     4
       Ration            |     1 |       ||     1
Armor: Scale mail        |    58 |    30 ||    88
Dodge: Dodged            |    42 |    24 ||    66
Block: Shield            |    55 |    73 ||   128
       Reflection        |       |     3 ||     3
